 Dungeon Crawl Stone Soup version 0.13.1-25-g341c717 (console) character file.

308 Kite the Ducker (level 6, 0/45 HPs)
             Began as a Human Artificer on Jan 17, 2014.
             Slain by an ogre
             ... wielding a +0,+0 giant spiked club
              (7 damage)
             ... on Level 4 of the Dungeon.
             The game lasted 00:36:44 (4547 turns).

Kite the Ducker (Human Artificer)                   Turns: 4547, Time: 00:36:44

HP   0/45        AC 10     Str 13      XL: 6   Next: 19%
MP   9/9         EV  2     Int 12      God:
Gold 86          SH 14     Dex 14      Spells:  0 memorised,  5 levels left

Res.Fire  : + . .   See Invis. : .   a - +1,+2 short sword
Res.Cold  : x . .   Warding    : .   I - +0 chain mail
Life Prot.: . . .   Conserve   : .   G - +0 shield
Res.Poison: .       Res.Corr.  : .   (no helmet)
Res.Elec. : .       Clarity    : .   r - +0 cloak
Sust.Abil.: . .     Spirit.Shd : .   (no gloves)
Res.Mut.  : .       Stasis     : .   h - +0 pair of boots
Res.Rott. : .       Flight     : .   (no amulet)
Saprovore : . . .                    (no ring)
                                     g - ring of fire

@: slightly resistant to hostile enchantments, extremely unstealthy
A: no striking features
a: no special abilities


You were on level 4 of the Dungeon.
You were very full.

You visited 1 branch of the dungeon, and saw 4 of its levels.

You collected 66 gold pieces.

Inventory:

Hand weapons
 a - a +1,+2 short sword (weapon)
 b - a +0,+0 sling
 t - a -1,+0 orcish dagger
 u - a +1,+0 elven short sword
Missiles
 q - 14 stones (quivered)
 v - 16 sling bullets
Armour
 h - a +0 pair of boots (worn)
 r - a +0 cloak (worn)
 G - a +0 shield (worn)
 I - a +0 chain mail (worn)
Magical devices
 c - a wand of enslavement (9)
 d - a wand of random effects (15)
 m - a wand of flame (15)
Comestibles
 f - a bread ration
Scrolls
 i - a scroll of magic mapping {unknown}
 k - a scroll of remove curse
 o - a scroll of amnesia {unknown}
 D - a scroll of recharging
 F - a scroll of fog {unknown}
 H - a scroll of curse armour {unknown}
Jewellery
 g - a ring of fire (left hand)
Potions
 w - a potion of cure mutation


   Skills:
 + Level 1.5 Fighting
 + Level 1.7 Short Blades
 + Level 2.0 Throwing
 + Level 1.5 Armour
 + Level 4.1 Dodging
 + Level 1.3 Stealth
 + Level 3.7 Evocations


You had 5 spell levels left.
You didn't know any spells.

Dungeon Overview and Level Annotations

Branches:
Dungeon (4/27)
 Temple: D:4-7

Altars:


Message History

You block the kobold skeleton's attack.
There is a stone staircase leading up here.
You block the ogre's attack.
You climb upwards.
There is a stone staircase leading down here.
The ogre hits you with a giant spiked club!
* * * LOW HITPOINT WARNING * * *
You climb downwards.
There is a stone staircase leading up here.
Drink which item? (? for menu, Esc to quit)
You feel much better.
It was a potion of heal wounds.
You hit the ogre but do no damage.
The ogre hits you with a giant spiked club!
* * * LOW HITPOINT WARNING * * *
Evoke which item? (* to show all) (? for menu, Esc to quit)
Okay, then.
Drink which item? (? for menu, Esc to quit)
That potion was really gluggy!
It was a potion of porridge.
The ogre hits you with a giant spiked club!
You die...

▒·▒ ▒···▒ ▒·▒▒▒▒ ▒·····
▒·▒▒·▒▒ ▒······
▒▒▒▒▒▒▒▒·▒···▒▒▒▒········
············z····%········
▒▒▒▒▒▒▒·▒▒···▒▒▒▒········
▒▒···▒▒·▒▒ ▒······
▒···zO▒▒▒ ▒····· ▒▒··@·▒
▒···▒ ▒▒·▒·▒ ▒◼▒ ▒▒▒·▒ ▒·▒
··· ▒·▒ ▒·▒ ▒·· ▒▒▒


You could see an ogre and a kobold skeleton.

Vanquished Creatures
  An ogre (D:4)
  A giant frog (D:3)
  A hound (D:4)
  A worker ant (D:3)
  5 adders (D:2)
  3 giant mites (D:2)
  7 giant geckos
  An ooze (D:1)
  An orc (D:3)
  2 giant cockroaches
  5 goblins
  8 hobgoblins
  A jackal (D:1)
  9 bats
  2 giant newts (D:1)
  8 kobolds
  3 quokkas
  6 rats
65 creatures vanquished.

Vanquished Creatures (collateral kills)
  2 jackals (D:1)
2 creatures vanquished.

Grand Total: 67 creatures vanquished

Notes
Turn   | Place    | Note
--------------------------------------------------------------
     0 | D:1      | Kite, the Human Artificer, began the quest for the Orb.
     0 | D:1      | Reached XP level 1. HP: 16/16 MP: 1/1
   182 | D:1      | Reached XP level 2. HP: 15/22 MP: 3/3
  1143 | D:1      | Reached XP level 3. HP: 27/27 MP: 4/4
  1906 | D:2      | Reached skill level 1 in Armour
  1906 | D:2      | Reached XP level 4. HP: 26/33 MP: 6/6
  2310 | D:2      | Reached XP level 5. HP: 38/38 MP: 8/8
  2828 | D:3      | Reached skill level 1 in Throwing
  3789 | D:3      | HP: 1/38 [giant frog (2)]
  3792 | D:3      | Reached skill level 4 in Dodging
  3792 | D:3      | Reached XP level 6. HP: 14/45 MP: 9/9
  4543 | D:3      | HP: 1/45 [ogre/giant spiked club (19)]
  4547 | D:4      | Slain by an ogre

Action                   |  1- 3 |  4- 6 || total
-------------------------+-------+-------++-------
Melee: Short sword       |   142 |   118 ||   260
Throw: Stone             |    22 |   100 ||   122
Evoke: Wand              |     2 |     4 ||     6
  Use: Scroll            |     1 |     4 ||     5
       Potion            |       |     4 ||     4
 Stab: Sleeping          |     1 |       ||     1
